Description

-Thinking a little more about concepts rather than build order execution (e.g. Why are we doing what we're doing?)

-Very similar to Platinum league, however we are reacting more to what our opponent is doing based on recurring scouting and scans.

VOD

https://youtu.be/WpEQ-B1X3WU?t=17

Build Order

Get SALT Encoding   

  14  0:17  Supply Depot  
  15  0:40  Barracks  
  16  0:45  Refinery  
  19  1:29  Orbital Command  
  19  1:31  Reaper  Use for recurring scouting
  20  1:39  Command Center  
  21  1:56  Supply Depot  
  21  2:03  Marine  
  23  2:12  Factory  
  24  2:25  Barracks Reactor  Continue marine production
  26  2:46  Refinery  
  26  2:55  Orbital Command  
  27  2:59  Factory Tech Lab  
  27  3:01  Barracks  
  35  3:34  Siege Tank  
  43  3:50  Barracks Tech Lab  
  43  3:53  Starport  
  55  4:33  Stimpack  
  61  4:50  Command Center  
  63  5:03  Refinery x2  
  66  5:11  Engineering Bay x2  Response to scouting Spire
  69  5:25  Armory  
  83  6:08  Barracks x3  
  83  6:09  Orbital Command  
Spawning Tool Build Advisor. Get it on Overwolf

Analysis

Things are all similar to the prior league, but Vibe is teaching more about concepts. You want to understand what you are building, why you are building it and how to effectively micro your units.

Go to:

Details

  • Created by: zebulajams    
  • Published on: Nov 23, 2021
  • Modified on: Nov 23, 2021
  • Patch: 4.11.0
  • Difficulty: Easy
Show
View Real Time Build Order
Export as new Build Order

Comments (0)

There are no comments. Be the first!

Create an account to comment!